General information
- name: BNet
- type: Ladder team game (AT/RT)
- host: Battle.net
- saver: nonent
map: TurtleRock
- players: 4
- length: 12:33
- speed: Fast
- version: 1.23 W3XP
- replay type: Public
» download(59 KB)
Players
team 1 (winner)
fineX (
yellow | 79 APM | 990 actions | 12:29)
5 Tauren Chieftain
3 Shockwave
2 Endurance Aura
» actions
| Assign group hotkey | 30 | |
| Build / train | 40 | |
| Enter build submenu | 10 | |
| Enter hero's abilities submenu | 5 | |
| Give item / drop item | 2 | |
| Remove unit from queue | 4 | |
| Right click | 525 | |
| Select / deselect | 110 | |
| Select group hotkey | 237 | |
| Use ability | 27 | |
990 total
» units
| Peon | 8 | |
| Troll Headhunter/Berserker | 9 | |
| Wind Rider | 5 | |
22 total
» upgrades
| Ranged Weapons | 2 | |
| Troll Regeneration | 1 | |
3 total
» buildings
| Altar of Storms | 1 | |
| Orc Burrow | 4 | |
| Barracks | 1 | |
| War Mill | 1 | |
| Voodoo Lounge | 1 | |
| Stronghold | 1 | |
| Beastiary | 2 | |
11 total
» build order
00:03 Altar of Storms
00:05 Orc Burrow
00:33 Barracks
01:05 War Mill
01:50 Orc Burrow
02:27 Voodoo Lounge
02:57 Orc Burrow
03:45 Stronghold
04:24 Orc Burrow
06:08 Beastiary
06:12 Beastiary
» items
| Healing Salve | 2 | |
| Lesser Clarity Potion | 1 | |
| Scroll of Speed | 1 | |
4 total
nonent (
pink | 86 APM | 1076 actions | 12:33)
5 Blademaster
3 Wind Walk
2 Critical Strike
» actions
| Assign group hotkey | 23 | |
| Basic commands | 1 | |
| Build / train | 48 | |
| Enter build submenu | 12 | |
| Enter hero's abilities submenu | 5 | |
| Give item / drop item | 1 | |
| Remove unit from queue | 1 | |
| Right click | 518 | |
| Select / deselect | 143 | |
| Select group hotkey | 279 | |
| Use ability | 45 | |
1076 total
» units
| Peon | 10 | |
| Grunt | 8 | |
| Raider | 10 | |
| Kodo Beast | 1 | |
29 total
» upgrades
| Berserker Strength | 1 | |
| Pillage | 1 | |
| Ensnare | 1 | |
| Melee Weapons | 1 | |
| Armor | 1 | |
5 total
» buildings
| Orc Burrow | 4 | |
| Altar of Storms | 1 | |
| Barracks | 1 | |
| Stronghold | 1 | |
| Voodoo Lounge | 1 | |
| Beastiary | 4 | |
| War Mill | 1 | |
| Great Hall | 1 | |
14 total
» build order
00:20 Orc Burrow
00:35 Altar of Storms
00:49 Barracks
01:34 Orc Burrow
02:38 Stronghold
03:17 Orc Burrow
04:12 Voodoo Lounge
05:08 Beastiary
05:13 Beastiary
06:12 Orc Burrow
10:21 War Mill
10:53 Great Hall
11:26 Beastiary
11:27 Beastiary
» items
| Circlet of Nobility | 1 | |
| Healing Salve | 2 | |
| Scroll of Speed | 1 | |
| Scroll of Protection | 1 | |
5 total
team 2 (loser)
Deadly.peasent (
red | 69 APM | 866 actions | 12:28)
3 Mountain King
2 Storm Bolt
1 Bash
1 Archmage
1 Summon Water Elemental
» actions
| Assign group hotkey | 21 | |
| Basic commands | 59 | |
| Build / train | 38 | |
| Enter build submenu | 18 | |
| Enter hero's abilities submenu | 4 | |
| Give item / drop item | 1 | |
| Right click | 397 | |
| Select / deselect | 154 | |
| Select group hotkey | 136 | |
| Use ability | 38 | |
866 total
» units
» upgrades
» buildings
| Altar of Kings | 1 | |
| Farm | 7 | |
| Blacksmith | 1 | |
| Barracks | 1 | |
| Scout Tower | 3 | |
| Arcane Tower | 3 | |
| Arcane Vault | 1 | |
| Keep | 1 | |
| Arcane Sanctum | 2 | |
| Lumber Mill | 1 | |
21 total
» build order
00:09 Altar of Kings
00:24 Farm
00:51 Blacksmith
01:07 Barracks
01:23 Farm
01:45 Scout Tower
01:57 Farm
02:04 Farm
02:16 Arcane Tower
04:14 Arcane Vault
05:11 Keep
06:16 Farm
07:23 Farm
10:53 Arcane Sanctum
10:59 Scout Tower
11:04 Scout Tower
11:13 Arcane Sanctum
11:16 Farm
11:35 Arcane Tower
11:38 Arcane Tower
11:42 Lumber Mill
» items
| Scroll of Regeneration | 1 | |
| Lesser Clarity Potion | 2 | |
| Potion of Healing | 2 | |
| Scroll of Town Portal | 2 | |
7 total
force_kin (
teal | 57 APM | 667 actions | 11:46)
3 Keeper of the Grove
2 Entangling Roots
1 Thorns Aura
1 Naga Sea Witch
1 Frost Arrows
» actions
| Assign group hotkey | 22 | |
| Basic commands | 11 | |
| Build / train | 31 | |
| Enter build submenu | 15 | |
| Enter hero's abilities submenu | 4 | |
| Remove unit from queue | 13 | |
| Right click | 225 | |
| Select / deselect | 215 | |
| Select group hotkey | 75 | |
| Use ability | 56 | |
667 total
» units
| Wisp | 10 | |
| Huntress | 9 | |
| Dryad | -4 | |
| Archer | -4 | |
11 total
» buildings
| Altar of Elders | 1 | |
| Moon Well | 6 | |
| Hunter's Hall | 1 | |
| Ancient of War | 2 | |
| Tree of Ages | 1 | |
| Ancient of Lore | 2 | |
| Ancient Protector | 2 | |
15 total
» build order
00:11 Altar of Elders
00:17 Moon Well
01:01 Hunter's Hall
01:33 Ancient of War
02:09 Moon Well
02:20 Moon Well
02:33 Ancient of War
04:05 Moon Well
04:12 Tree of Ages
06:38 Ancient of Lore
06:39 Ancient of Lore
06:44 Moon Well
06:50 Moon Well
09:58 Ancient Protector
10:00 Ancient Protector
Chat log
(00:50 / All) fineX: GL HF
(00:54 / All) nonent: gl and hf
(10:31 / All) fineX: i hope ur pesants are dedly
(10:40 / All) fineX: cuz u gon need em
(10:45 / All) force_kin: clever
(10:47 / All) force_kin: faggot
(10:54 / All) fineX: i forced myself upon your mother
(10:55 / All) fineX: now i am your kin
(10:59 / All) nonent: lmao
(11:15 / All) nonent: nice dets
(11:24 / All) fineX: (IS IRONIC)
(11:41 / All) fineX: nope
(11:42 / All) fineX: not deadly
(12:08 / All) fineX: definitely not deadly
(12:12 / All) nonent: NAH
(12:12 / All) fineX: oh
(12:14 / All) fineX: maybe now
(12:15 / All) fineX: wait
(12:16 / All) fineX: nope